 Dungeon Crawl Stone Soup version 0.19.1 (webtiles) character file.

81 Firecrotchwizard the Changer (level 4, 0/38 HPs)
             Began as a Naga Transmuter on Nov 29, 2016.
             Slain by an orc
             ... wielding a +0 falchion
              (3 damage)
             ... on level 3 of the Dungeon.
             The game lasted 00:10:07 (3248 turns).

Firecrotchwizard the Changer (Naga Transmuter)      Turns: 3248, Time: 00:10:09

Health: 0/38       AC:  2    Str: 12    XL:     4   Next: 42%
Magic:  6/7        EV: 10    Int: 15    God:
Gold:   79         SH:  0    Dex: 14    Spells: 3 memorised, 1 level left

rFire  . . .     SeeInvis +       - Unarmed
rCold  . . .     Gourm    .     b - +0 robe
rNeg   . . .     Faith    .     (no shield)
rPois  +         Spirit   .     (no helmet)
rElec  .         Reflect  .     (no cloak)
rCorr  .         Harm     .     (no gloves)
MR     .....                    (no barding)
Stlth  ++........               (no amulet)
                                (no ring)
                                m - +3 ring of dexterity

@: appendage, very slow
A: horns 2, see invisible, deformed body, poison resistance, slowness 2, slow
metabolism 1, spit poison 1, AC +1
a: Spit Poison, End Transformation


You were on level 3 of the Dungeon.
You were not hungry.
You had grown temporary horns.
You visited 1 branch of the dungeon, and saw 3 of its levels.

You collected 79 gold pieces.

Inventory:

Missiles
 a - 11 arrows
Armour
 b - a +0 robe (worn)
Jewellery
 m - a +3 ring of dexterity (left hand)
Wands
 h - a wand of enslavement (8/24)
Scrolls
 g - a scroll of fog {unknown}
 i - a scroll of blinking {unknown}
 l - 2 scrolls of random uselessness {unknown}
 n - a scroll of enchant weapon {unknown}
 o - a scroll of teleportation {unknown}
 p - 2 scrolls of identify {unknown}
 r - a scroll of immolation {unknown}
Potions
 e - 2 potions of berserk rage {unknown}
 j - 2 potions of haste {unknown}
 k - 2 potions of mutation {unknown}
 q - 2 potions of heal wounds {unknown}
Books
 c - a book of Changes

   Spells                             Type                      Level
   a - Beastly Appendage              Transmutation                1
   b - Sticks to Snakes               Transmutation                2
   c - Spider Form                    Transmutation/Poison         3
   d - Ice Form                       Ice/Transmutation            4
   e - Blade Hands                    Transmutation                5
 s - a book of Conjurations

   Spells                             Type                      Level
   a - Magic Dart                     Conjuration                  1
   b - Searing Ray                    Conjuration                  2
   c - Dazzling Spray                 Conjuration/Hexes            3
   d - Fulminant Prism                Conjuration/Hexes            4
   e - Iskenderun's Mystic Blast      Conjuration                  4
   f - Iskenderun's Battlesphere      Conjuration/Charms           5
Comestibles
 d - 2 bread rations
 f - a meat ration


   Skills:
 - Level 1.0 Fighting
 - Level 1.5 Dodging
 - Level 0.9 Stealth
 - Level 3.0 Unarmed Combat
 - Level 2.0 Spellcasting
 * Level 4.4 Transmutations


You had one spell level left.
You knew the following spells:

 Your Spells              Type           Power        Failure   Level  Hunger
a - Beastly Appendage     Tmut           ##....       4%          1    #......
b - Spider Form           Tmut/Pois      #.........   30%         3    ###....
c - Sticks to Snakes      Tmut           ##......     8%          2    ###....


Dungeon Overview and Level Annotations

Branches:
Dungeon (3/15)

Altars:
Fedhas
Makhleb


Innate Abilities, Weirdness & Mutations

You cannot wear boots.
Your serpentine skin is tough. (AC +1)
You have supernaturally acute eyesight. (SInv)
Armour fits poorly on your strangely shaped body.
Your system is resistant to poisons. (rPois)
You cover ground very slowly.
You have a slow metabolism.
You can spit poison.
You have a pair of horns on your head.


Message History

The orc is almost dead.
The orc closely misses you.
You barely miss the orc. Your headbutt misses the orc.
The orc is almost dead.
The orc hits you with a falchion.
You closely miss the orc.
The orc is almost dead.
Your horns disappear.
The orc completely misses you. The orc hits you but does no damage.
You closely miss the orc.
The orc is almost dead.
The orc hits you from afar with a trident.
The orc closely misses you.
Casting: Beastly Appendage
Confirm with . or Enter, or press ? or * to list all spells.
You grow a pair of large bovine horns.
The orc hits you from afar with a trident!
* * * LOW HITPOINT WARNING * * *
The orc hits you with a falchion.
You die...

# #. ###.###
#######....≈≈. #.
..................≈≈.. .
#........#.##...≈.... #.
###....###.#.##...≈..≈≈ #.
.......#.#.#.##....≈≈..
#.. ##..##.##.#@##.......⌠
#..##...#.#...#o##......≈≈
#.....##.##....oo....o.≈..
#....)#.#....######....≈..
#.####.##....# .....≈≈
#...#...#..# ..(....
#.÷.#......# .......
#...#...##.# .###≈≈≈
####.##....# ## #≈≈


You could see 3 orcs.

Vanquished Creatures
  An adder (D:3)
  An ooze (D:3)
  A worm (D:2)
  2 leopard geckos
  2 orcs (D:3)
  A ball python (D:3)
  3 bats
  A giant cockroach (D:1)
  10 goblins
  8 hobgoblins
  4 jackals
  8 frilled lizards
  6 kobolds
  A leopard gecko skeleton (D:3)
  9 rats
58 creatures vanquished.

Notes
Turn   | Place    | Note
-------+----------+-------------------------------------------
     0 | D:1      | Firecrotchwizard the Naga Transmuter began the quest for the Orb.
     0 | D:1      | Reached XP level 1. HP: 18/18 MP: 3/3
   157 | D:1      | Reached XP level 2. HP: 21/25 MP: 5/5
   438 | D:1      | Reached skill level 3 in Transmutations
  1271 | D:1      | Reached XP level 3. HP: 31/31 MP: 4/6
  1276 | D:1      | Learned a level 3 spell: Spider Form
  2195 | D:2      | Found a blossoming altar of Fedhas.
  2208 | D:2      | Learned a level 2 spell: Sticks to Snakes
  2590 | D:2      | Found a burning altar of Makhleb.
  2655 | D:3      | Reached skill level 4 in Transmutations
  2675 | D:3      | Reached XP level 4. HP: 19/38 MP: 4/7
  3248 | D:3      | Slain by an orc

Skill      XL: |  1  2  3 |
---------------+----------+-----
Transmutations | 3 4 |  4.4
Fighting       | |  1.0
Dodging        | |  1.5
Stealth        | |  0.9
Unarmed Combat | |  3.0
Spellcasting   | |  2.0

Action                   |  1- 3 |  4- 6 || total
-------------------------+-------+-------++-------
Melee: Unarmed           |   172 |    44 ||   216
       Headbutt          |    16 |     9 ||    25
 Cast: Beastly Appendage |    17 |     5 ||    22
       Sticks to Snakes  |     1 |       ||     1
 Abil: Spit Poison       |     1 |       ||     1
 Stab: Sleeping          |     1 |       ||     1
  Eat: Chunk             |     3 |     1 ||     4
       Fruit             |     1 |     1 ||     2
Armor: Robe              |    31 |     3 ||    34
Dodge: Dodged            |   103 |    22 ||   125
